 Dungeon Crawl Stone Soup version 0.22-b1-21-g5cfc168 (webtiles) character file.

562 Lilu the Destroyer (level 7, 0/36 HPs)
             Began as a Deep Elf Conjurer on Aug 4, 2018.
             Slain by Edmund
             ... wielding a +1 dire flail of draining
              (14 damage)
             ... on level 4 of the Dungeon.
             The game lasted 00:15:49 (3710 turns).

Lilu the Destroyer (Deep Elf Conjurer)              Turns: 3710, Time: 00:15:49

Health: 0/36       AC:  4    Str:  7    XL:     7   Next: 10%
Magic:  1/13       EV: 12    Int: 20    God:
Gold:   185        SH:  0    Dex: 15    Spells: 5/12 levels left

rFire    . . .     SeeInvis .   x - -1 dagger (curse)
rCold    . . .     Gourm    .   (no shield)
rNeg     . . .     Faith    .   a - +0 robe
rPois    +         Spirit   .   A - +1 helmet
rElec    .         Reflect  .   (no cloak)
rCorr    .         Harm     .   (no gloves)
MR       .....                  (no boots)
Stlth    ++........             (no amulet)
HPRegen  0.12/turn              l - +4 ring of slaying
MPRegen  0.13/turn              d - ring of poison resistance

@: heavily drained
A: no striking features
a: no special abilities


You were on level 4 of the Dungeon.
You were not hungry.

You visited 1 branch of the dungeon, and saw 4 of its levels.

You collected 185 gold pieces.

Inventory:

Hand Weapons
 s - a +0 shortbow
 w - a +2 scythe of freezing
 x - a cursed -1 dagger (weapon)
 y - a +2 dagger of holy wrath
Missiles
 o - 40 arrows
Armour
 a - a +0 robe (worn)
 f - a +3 leather armour of poison resistance
 q - a +0 leather armour of fire resistance
 A - a +1 helmet (worn)
Jewellery
 d - a ring of poison resistance (right hand)
 l - a +4 ring of slaying (left hand)
Wands
 n - a wand of scattershot (7)
 v - a wand of digging (10)
Scrolls
 e - 4 scrolls of identify
 g - 5 scrolls of teleportation
Potions
 b - 2 potions of cancellation {unknown}
 h - 2 potions of haste {unknown}
 i - a potion of degeneration {unknown}
 j - 2 potions of heal wounds {unknown}
 k - 2 potions of mutation {unknown}
 m - a potion of curing {unknown}
 p - a potion of agility {unknown}
 t - 2 potions of resistance {unknown}
 z - a potion of lignification {unknown}
Comestibles
 c - 5 rations
 u - 4 chunks of flesh


   Skills:
 - Level 2.4(1.3) Dodging
 - Level 2.4(1.3) Stealth
 - Level 3.0(1.8) Spellcasting
 + Level 9.4(8.1) Conjurations


You had 5 spell levels left.
You knew the following spells:

 Your Spells              Type           Power        Failure   Level  Hunger
a - Magic Dart            Conj           ####         1%          1    #......
b - Searing Ray           Conj           ####..       1%          2    ###....
c - Iskenderun's Mystic   Conj           ####....     5%          4    #####..

Your spell library contained the following spells:

 Spells                   Type           Power        Failure   Level  Hunger
 Fulminant Prism          Conj/Hex       ###.......   30%         4    #####..
 Dazzling Spray           Conj/Hex       ###...       9%          3    ###....
 Force Lance              Conj/Tloc      ###.....     30%         4    #####..


Dungeon Overview and Level Annotations

Branches:
Dungeon (4/15)
 Temple: D:4-7

Altars:
The Shining One

Annotations:
D:4 Edmund


Message History

The searing ray hits Edmund.
Edmund is severely wounded.
You finish channeling your searing ray.
Edmund misses you.
Casting: Searing Ray (safe; 1% risk of failure)
Confirm with . or Enter, or press ? or * to list all spells.
Aiming: Searing Ray (safe; 1% risk of failure)
Press: ? - help, Shift-Dir - straight line, f/p - Edmund
Aim: Edmund, wielding a dire flail of draining and wearing a runed leather armour (severely wounded)
The searing ray hits Edmund.
Edmund is almost dead. (Press . to maintain the ray.) Edmund closely misses you.
The searing ray hits Edmund.
Edmund is almost dead.
Edmund hits you with a dire flail of draining.
You feel drained.
The searing ray hits Edmund.
Edmund is almost dead.
Edmund hits you with a dire flail of draining!
You die...

...##.#......#.....≈P≈≈≈≈.
##....#...##.#..#...≈≈≈≈≈.
.##...##.##..#..#.≈.P≈≈P..
.##...#..#[..#....≈P≈≈≈≈≈.
......#..##..#.....≈≈≈≈≈≈.
......#......#....P.≈≈≈≈≈.
......#..#...[..#...≈≈≈...
......#..#.........≈≈≈≈P.
......#≈≈#...#.<@#.≈≈≈≈..
....#.####...#..@..≈≈≈≈..
.####.# #.@.#..#...≈≈P..
.# #.# #...#..#.≈≈≈≈≈≈. .#
#.#......#..#..≈≈≈≈... .#
#.#....#[#.....≈≈≈≈... ##
#.########.#..P≈≈≈≈≈..
####..........#...≈≈≈≈≈..
##....####.#..##..≈≈≈≈≈...


You could see Edmund.

Vanquished Creatures
  Sigmund (D:4)
  A centaur (D:3)
  A bullfrog (D:3)
  Jessica (D:3)
  Ijyb (D:3)
  A worker ant (D:4)
  Robin (D:3)
  6 adders
  An ooze (D:2)
  5 worms
  2 dart slugs
  4 leopard geckos
  3 orcs (D:3)
  9 bats
  6 giant cockroaches
  11 goblins (D:3)
  9 hobgoblins
  11 jackals
  A quokka (D:2)
  A ball python (D:1)
  15 frilled lizards
  9 kobolds
  A leopard gecko skeleton (D:4)
  4 rats
105 creatures vanquished.

Notes
Turn   | Place    | Note
-------+----------+-------------------------------------------
     0 | D:1      | Lilu the Deep Elf Conjurer began the quest for the Orb.
     0 | D:1      | Reached XP level 1. HP: 10/10 MP: 6/6
   109 | D:1      | Reached XP level 2. HP: 15/15 MP: 5/8
   113 | D:1      | Learned a level 2 spell: Searing Ray
   118 | D:1      | Reached skill level 5 in Conjurations
   640 | D:1      | Reached XP level 3. HP: 19/19 MP: 9/9
  1064 | D:2      | Reached skill level 6 in Conjurations
  1122 | D:2      | Reached XP level 4. HP: 24/24 MP: 5/10
  1938 | D:3      | Noticed a centaur
  1944 | D:3      | Killed a centaur
  1944 | D:3      | Reached skill level 7 in Conjurations
  1944 | D:3      | Reached XP level 5. HP: 11/28 MP: 6/11
  2147 | D:3      | Found a glowing golden altar of the Shining One.
  2210 | D:3      | Learned a level 4 spell: Iskenderun's Mystic Blast
  2414 | D:3      | Noticed Ijyb
  2425 | D:3      | Killed Ijyb
  2689 | D:3      | Noticed Jessica
  2695 | D:3      | Killed Jessica
  2714 | D:3      | Reached skill level 8 in Conjurations
  2852 | D:3      | Noticed Robin
  2866 | D:3      | Reached XP level 6. HP: 32/32 MP: 6/12
  2917 | D:3      | Killed Robin
  3347 | D:4      | Noticed Sigmund
  3633 | D:4      | Killed Sigmund
  3633 | D:4      | Reached skill level 9 in Conjurations
  3633 | D:4      | Reached XP level 7. HP: 36/36 MP: 7/13
  3660 | D:4      | Noticed Edmund
  3710 | D:4      | Slain by Edmund

Skill      XL: |  1  2  3  4  5  6 |
---------------+-------------------+-----
Conjurations   | 5 6 7 8 9 |  9.4
Dodging        | |  2.4
Stealth        | |  2.4
Spellcasting   | |  3.0

Action                   |  1- 3 |  4- 6 |  7- 9 || total
-------------------------+-------+-------+-------++-------
Melee: Hand axe          |    32 |    21 |       ||    53
       Dagger            |       |    10 |       ||    10
 Fire: Shortbow          |       |    47 |       ||    47
Throw: Javelin           |     3 |       |       ||     3
 Cast: Magic Dart        |    66 |    37 |       ||   103
       Searing Ray       |     1 |    12 |     3 ||    16
  Use: Scroll            |       |     4 |     1 ||     5
 Stab: Sleeping          |     1 |     2 |       ||     3
  Eat: Chunk             |     1 |     8 |       ||     9
Armor: Robe              |    15 |     8 |     1 ||    24
Dodge: Dodged            |    34 |    27 |     5 ||    66
